 Dungeon Crawl Stone Soup version 0.31-a0-656-gb4d89c20fa (webtiles) character file.

Game seed: 2577559320089479111

897 lunkers the Martial Artist (level 8, -6/59 HPs)
             Began as a Meteoran Shapeshifter on Aug 30, 2023.
             Was an Initiate of Okawaru.
             Mangled by Prince Ribbit (13 damage)
             ... on level 5 of the Dungeon.
             The game lasted 00:10:42 (2590 turns).

lunkers the Martial Artist (Meteoran Shapeshifter)  Turns: 2590, Time: 00:10:43

Health: -6/59      AC:  9    Str: 15    XL:     8   Next: 53%
Magic:  9/9        EV: 10    Int: 13    God:    Okawaru [......]
Gold:   294        SH:  0    Dex: 15    Spells: 7/7 levels left

rFire   + +          .
                       - Unarmed
rCold   x . .        (no shield)
rNeg    + . .        z - +3 scale mail {rF+}
rPois   +            (helmet currently unavailable)
rElec   .            (cloak currently unavailable)
rCorr   .            (gloves currently unavailable)
SInv    .            (boots currently unavailable)
Will    +....        (no amulet) Stlth
                     t - ring of positive energy
HPRegen 0.29/turn    x - ring of Fomem {Fire rPois}
MPRegen 0.11/turn

%: no passive effects
@: beast-form, glowing
A: beast (slay +3), sense surroundings 1, otherworldly, glowing, explore regen
a: Begin Untransformation, Renounce Religion


You were on level 5 of the Dungeon.
You worshipped Okawaru.
Okawaru was noncommittal.
You were a hulking beast.
You visited 2 branches of the dungeon, and saw 6 of its levels.

You collected 294 gold pieces.

Inventory:

Hand Weapons
 y - a +2 vampiric short sword
Missiles
 q - 6 javelins
 s - 28 stones
Armour
 a - a +0 animal skin
 e - a +0 plate armour
 j - a +0 chain mail
 w - a +3 leather armour of cold resistance
 z - a +3 scale mail of fire resistance (worn)
Jewellery
 t - a ring of positive energy (left hand)
 x - the ring of Fomem (right hand) {Fire rPois}
   (You found it on level 4 of the Dungeon)

   [ring of fire]

   Fire:      It enhances your fire magic.
   rF+:       It protects you from fire.
   rC-:       It makes you vulnerable to cold.
   rPois:     It protects you from poison
Talismans
 c - a beast talisman (active)
 d - a flux talisman
Wands
 p - a wand of charming (1)
 v - a wand of flame (35)
Scrolls
 h - a scroll of identify
 i - a scroll of vulnerability
 l - 2 scrolls of fear
 u - a scroll of fog
Potions
 b - a potion of enlightenment
 f - 3 potions of heal wounds
 m - a potion of curing
 o - a potion of might


   Skills:
 - Level 1.1 Fighting
 - Level 2.1 Dodging
 * Level 9.4 Unarmed Combat
 + Level 6.7 Shapeshifting


You had 7 spell levels left.
You didn't know any spells.
Your spell library contained the following spells:

 Spells                   Type           Power      Damage    Failure   Level
 Gell's Gravitas          Tloc           0%         N/A       98%         3
 Teleport Other           Tloc           0%         N/A       98%         3
 Dispersal                Tloc           0%         N/A       100%        6


Dungeon Overview and Level Annotations

Branches:
Dungeon (5/15) Zot: 601    Temple (1/1) D:5 Zot: 430

Altars:
Ashenzari
Dithmenos
Fedhas
Gozag
Hepliaklqana
Okawaru
Qazlal
Ru
Sif Muna
Trog
Vehumet
Wu Jian
Xom
Yredelemnul

Shops:
D:3 =   D:4 *

Annotations:
D:5 Prince Ribbit


Innate Abilities, Weirdness & Mutations

You are a hulking beast.
Your limbs bulge with bestial killing power. (Slay +3)
You passively map a small area around you.
You are easily found by Zot.
You glow in the dark.
You regain HP and MP as you explore.


Message History

Prince Ribbit asks, "Just a little smooch?"
Prince Ribbit hits you!
You barely miss Prince Ribbit.
Prince Ribbit hits you but does no damage.
You barely miss Prince Ribbit. You punch Prince Ribbit.
Prince Ribbit is lightly wounded.
Prince Ribbit hops awkwardly around.
Prince Ribbit hits you!
You miss Prince Ribbit.
Prince Ribbit is lightly wounded.
Prince Ribbit barely misses you.
You hit Prince Ribbit but do no damage.
Prince Ribbit is lightly wounded.
Prince Ribbit barely misses you.
You miss Prince Ribbit.
Prince Ribbit is lightly wounded.
Prince Ribbit hits you!
* * * LOW HITPOINT WARNING * * *
You punch Prince Ribbit!
Prince Ribbit is moderately wounded.
Prince Ribbit hits you!
* * * LOW HITPOINT WARNING * * *
You completely miss Prince Ribbit.
Prince Ribbit is moderately wounded.
Prince Ribbit hits you!
* * * LOW HITPOINT WARNING * * *
Okay, then.
Aiming: Throw Flame
Press: ? - help, Shift-Dir - straight line, f - Prince Ribbit
Aim: Prince Ribbit (moderately wounded, 45% to hit)
The puff of flame hits Prince Ribbit!
Prince Ribbit is severely wounded.
Prince Ribbit hits you but does no damage. x2
Aiming: Throw Flame
Press: ? - help, Shift-Dir - straight line, f/p - Prince Ribbit
Aim: Prince Ribbit (severely wounded, 45% to hit)
The puff of flame hits Prince Ribbit.
Prince Ribbit is severely wounded.
Prince Ribbit hits you!
You die...

#......# ##.
#......######.
#......#......
#......#...... ###
*######............
....
#....$.%.....#####
.....##............#*
...................#
,
......Fh............
,
.........###.......#*
,
###.................
#....♣.♣♣♣.♣♣♣.♣.#
#....♣.. .♣ .♣ <
#....♣♣♣. , * * *
#.... , . * * ..... ,
. , , * , ,


You could see Prince Ribbit.

Vanquished Creatures
  Eustachio (D:4)
  Menkaure (D:4)
  Edmund (D:4)
  An ogre (D:5)
  A phantom (D:4)
  A hound (D:4)
  2 orc priests
  An iguana (D:3)
  Ijyb (D:4)
  Natasha (twice) (D:4)
  11 adders
  2 worms (D:2)
  4 dart slugs
  10 orcs
  A ball python (D:4)
  3 bats
  4 endoplasms
  3 giant cockroaches
  6 goblins
  6 hobgoblins
  4 jackals (D:5)
  2 quokkas
  3 frilled lizards
  5 kobolds
  4 rats
  A spectral hobgoblin (D:3)
81 creatures vanquished.

Vanquished Creatures (collateral kills)
  An orc (D:4)
1 creature vanquished.

Vanquished Creatures (others)
  An orc priest (D:4)
1 creature vanquished.

Grand Total: 83 creatures vanquished

Notes
Turn   | Place    | Note
-------+----------+-------------------------------------------
     0 | D:1      | lunkers the Meteoran Shapeshifter began the quest for the
                  | Orb.
     0 | D:1      | Reached XP level 1. HP: 16/16 MP: 2/2
    41 | D:1      | Reached XP level 2. HP: 23/23 MP: 3/3
    43 | D:1      | Reached skill level 4 in Unarmed Combat
   133 | D:1      | Reached XP level 3. HP: 26/28 MP: 4/4
   500 | D:1      | Glimpsed the power of Zot.
   654 | D:2      | Found a faded altar of an unknown god.
   699 | D:2      | Reached skill level 5 in Unarmed Combat
   699 | D:2      | Reached XP level 4. HP: 29/35 MP: 5/5
   803 | D:2      | Reached XP level 5. HP: 40/40 MP: 6/6
  1106 | D:2      | Glimpsed the power of Zot.
  1133 | D:3      | Found Kereqa's One-of-a-Kind Rings.
  1189 | D:3      | Found a radiant altar of Vehumet.
  1215 | D:3      | Found a hazy altar of Hepliaklqana.
  1313 | D:3      | Found a broken altar of Ashenzari.
  1620 | D:3      | Reached skill level 6 in Unarmed Combat
  1761 | D:4      | Reached skill level 5 in Shapeshifting
  1761 | D:4      | Reached XP level 6. HP: 46/47 MP: 7/7
  1819 | D:4      | Noticed Eustachio
  1841 | D:4      | Killed Eustachio
  1842 | D:4      | Reached skill level 7 in Unarmed Combat
  1842 | D:4      | Reached XP level 7. HP: 12/52 MP: 8/8
  1871 | D:4      | Noticed Edmund
  1873 | D:4      | Identified the ring of Fomem {Fire rPois}
  1886 | D:4      | Killed Edmund
  1899 | D:4      | Noticed Ijyb
  1919 | D:4      | Killed Ijyb
  1957 | D:4      | Found a stormy altar of Qazlal.
  2034 | D:4      | Noticed Menkaure
  2036 | D:4      | Noticed Natasha
  2038 | D:4      | Reached skill level 8 in Unarmed Combat
  2048 | D:4      | Killed Menkaure
  2049 | D:4      | Reached XP level 8. HP: 25/59 MP: 9/9
  2053 | D:4      | Killed Natasha
  2067 | D:4      | Noticed Natasha
  2074 | D:4      | Killed Natasha
  2117 | D:4      | Found Wunoum's Assorted Antiques.
  2148 | D:5      | Entered Level 5 of the Dungeon
  2250 | D:5      | Reached skill level 9 in Unarmed Combat
  2287 | D:5      | Found a shimmering altar of Xom.
  2351 | D:5      | Found a staircase to the Ecumenical Temple.
  2375 | Temple   | Entered the Ecumenical Temple
  2415 | Temple   | Became a worshipper of Warmaster Okawaru
  2572 | D:5      | Noticed Prince Ribbit
  2590 | D:5      | Mangled by Prince Ribbit

Illustrated notes

Levels and vault maps discovered:
D:1:      dpeg_arrival_more_subterranean_lakeside_camping, layout_basic,
          serial_rivers, chequers_serial_rivers_room_a,
          chequers_serial_rivers_room_b, chequers_serial_rivers_micro_c,
          chequers_serial_rivers_micro_a, chequers_serial_rivers_marsh,
          minmay_tromino_v7
D:2:      layout_basic, shapermc_ecumenical_altar_flowoftime, nicolae_half_adder
D:3:      layout_loops_ring, good_gods_mini_temple,
          nicolae_hepliaklqana_monster_ancestors, mainiacjoe_overflow_paths,
          nicolae_vehumet_altar_sigil, nicolae_shop_unique_rings,
          serial_bayou_crossing
D:4:      layout_rooms, grunt_qazlal_clouds, serial_shops, kennysheep_mini_moat,
          uniq_natasha, uniq_eustachio, uniq_edmund, uniq_ijyb, uniq_menkaure
D:5:      layout_basic, mainiacjoe_overflow_large_starburst,
          lemuel_coloured_pillars_altar, minmay_temple_entry_sparse_star,
          serial_shops, nicolae_shop_tiny_real_fake_doors, shop,
          nrook_pool_corridor, uniq_prince_ribbit1
Temple:   kb_temple_of_zot

Skill      XL: |  1  2  3  4  5  6  7  8 |
---------------+-------------------------+-----
Unarmed Combat | 4 5 6 7 8 9 |  9.4
Shapeshifting  | 4 5 6 |  6.7
Fighting       | |  1.1
Dodging        | |  2.1

Action                     |  1- 3 |  4- 6 |  7- 9 || total
---------------------------+-------+-------+-------++-------
  Melee: Unarmed           |    68 |    97 |    88 ||   253
         Punch             |       |     2 |     5 ||     7
  Evoke: Wand              |       |     1 |     4 ||     5
    Use: Scroll            |       |       |    14 ||    14
         Potion            |       |       |     1 ||     1
 Armour: Plate armour      |    18 |       |       ||    18
         Chain mail        |    25 |    46 |     1 ||    72
         Skin              |       |       |    24 ||    24
         Leather armour    |       |       |     6 ||     6
         Scale mail        |       |       |     7 ||     7
  Dodge: Dodged            |    14 |    34 |    38 ||    86

Table legend: (Time is in decaauts)
 A = Elapsed time spent in this place.
 B = Non-inter-level travel time spent in this place.
 C = Inter-level travel time spent in this place.
 D = Time resting spent in this place.
 E = Time spent auto-exploring this place.
 F = Levels seen in this place.
 G = Mean time per level.
                   A        B        C        D        E       F      G
               +--------+--------+--------+--------+--------+-----+--------+
         Total |   2567 |   2398 |    169 |     99 |   1541 |   6 |  427.8 |
       Dungeon |   2397 |   2247 |    150 |     11 |   1541 |   5 |  479.4 |
        Temple |    169 |    150 |     19 |     88 |      0 |   1 |  169.0 |
               +--------+--------+--------+--------+--------+-----+--------+

Top non-repeatable levels by time:
     D:3: 617 daAuts
     D:2: 607 daAuts
     D:1: 513 daAuts
     D:4: 392 daAuts
     D:5: 266 daAuts
  Temple: 169 daAuts
